[Event "Early-Titled-Tuesday-Blitz-February-13-2024"]
[Site "Chess.com"]
[Date "2024.02.13"]
[Round "2"]
[White "chucksterf10"]
[Black "Anton_Demchenko"]
[Result "0-1"]
[WhiteElo "2630"]
[BlackElo "2933"]
[TimeControl "180+1"]
[EndTime "8:17:45 PST"]
[Termination "Anton_Demchenko won by resignation"]

1. d4 Nf6 2. Bg5 g6 3. Bxf6 exf6 4. e3 d5 5. c4 dxc4 6. Bxc4 Bd6 7. Nc3 Nd7 8. Nf3 c6 9. O-O O-O 10. a4 Qe7 11. Re1 f5 12. e4 fxe4 13. Rxe4 Qf6 14. Qd2 Nb6 15. Bb3 Bf5 16. Rh4 Rad8 17. a5 Nd5 18.
Qh6 Qg7 19. Ng5 Qxh6 20. Rxh6 Bf4 21. h4 Nf6 22. f3 Kg7 23. g3 Be3+ 24. Kg2 Kxh6 25.
Nxf7+ Rxf7 26. Bxf7 Kg7 27. Bc4 Rxd4 28. b3 Rd2+ 0-1

[Event "Early-Titled-Tuesday-Blitz-February-13-2024"]
[Site "Chess.com"]
[Date "2024.02.13"]
[Round "2"]
[White "mertfelin"]
[Black "doublesik"]
[Result "1-0"]
[WhiteElo "2298"]
[BlackElo "2511"]
[TimeControl "180+1"]
[EndTime "8:17:45 PST"]
[Termination "mertfelin won on time"]

1. e4 c5 2. Nf3 d6 3. Bb5+ Nd7 4. Ba4 Nf6 5. O-O Nxe4 6. Re1 Nf6 7. d4 cxd4 8. Nxd4 g6 9. Bf4 a6 10. c4 e5 11. c5 Bg7 12. cxd6 O-O 13. Bxe5 Nxe5 14. Rxe5 Qxd6 15. Re1 Rd8 16. Nf3 Qxd1 17. Rxd1 Nd5 18.
Nc3 Be6 19. Ng5 Nxc3 20. bxc3 Bxc3 21. Rac1 Bb2 22. Rb1 1-0

[Event "Early-Titled-Tuesday-Blitz-February-13-2024"]
[Site "Chess.com"]
[Date "2024.02.13"]
[Round "2"]
[White "Hovik_Hayrapetyan"]
[Black "crazy_but_lazy"]
[Result "1-0"]
[WhiteElo "2896"]
[BlackElo "2607"]
[TimeControl "180+1"]
[EndTime "8:17:47 PST"]
[Termination "Hovik_Hayrapetyan won by resignation"]

1. d4 Nf6 2. c4 e6 3. Nc3 Bb4 4.
Nf3 d5 5. Qa4+ Nc6 6. a3 Bxc3+ 7. bxc3 Ne4 8. e3 Nxc3 9. Qc2 Ne4 10. Bd3 f5 11.
Rb1 O-O 12. O-O Rb8 13. a4 Bd7 14. Ba3 Rf6 15. cxd5 exd5 16. Rfc1 Rh6 17. Rb5 Be6 18.
Rcb1 Bc8 19. Rxd5 Qxd5 20. Bc4 Be6 21. Bxd5 Bxd5 22. Rb5 Rd8 23. Rxd5 Rxd5 24. Qb3 Nf6 25. Ne5 Na5 26. Qb4 1-0

[Event "Early-Titled-Tuesday-Blitz-February-13-2024"]
[Site "Chess.com"]
[Date "2024.02.13"]
[Round "2"]
[White "andrzej"]
[Black "jocmil"]
[Result "0-1"]
[WhiteElo "2471"]
[BlackElo "2756"]
[TimeControl "180+1"]
[EndTime "8:17:50 PST"]
[Termination "jocmil won by checkmate"]

1. e4 c6 2. d4 d5 3. e5 Bf5 4. h4 Qb6 5. a4 a5 6. Ne2 e6 7. Nbc3 h5 8. Ng3 Bh7 9. Be2 Na6 10. Bxa6 bxa6 11. O-O c5 12. Nce2 cxd4 13. Nxd4 Bc5 14. c3 Ne7 15. Nxh5 Bg6 16. Nf4 Rxh4 17. g3 Rh8 18. Kg2 Kd7 19. Nb3 Bxf2 20. Nxg6 fxg6 21.
Rxf2 Rh2+ 22. Kxh2 Qxf2+ 23. Kh3 Rh8+ 24. Kg4 Qf5# 0-1

[Event "Early-Titled-Tuesday-Blitz-February-13-2024"]
[Site "Chess.com"]
[Date "2024.02.13"]
[Round "2"]
[White "PepeCuenca"]
[Black "treadstone_71"]
[Result "1-0"]
[WhiteElo "2729"]
[BlackElo "2283"]
[TimeControl "180+1"]
[EndTime "8:17:51 PST"]
[Termination "PepeCuenca won by resignation"]

1. d4 Nf6 2. Bf4 g6 3. Nc3 d5 4.
e3 Bg7 5. h4 h5 6. Nf3 O-O 7.
Nb5 Na6 8. Ne5 c6 9. Nc3 c5 10. Bxa6 bxa6 11. dxc5 Qa5 12. Qd4 Ng4 13. b4 Qa3 14.
O-O Be6 15. Rab1 Nxe5 16. Bxe5 f6 17. Bg3 f5 18. Be5 1-0

[Event "Early-Titled-Tuesday-Blitz-February-13-2024"]
[Site "Chess.com"]
[Date "2024.02.13"]
[Round "2"]
[White "Sina_Movahed"]
[Black "Semetey"]
[Result "1-0"]
[WhiteElo "2994"]
[BlackElo "2656"]
[TimeControl "180+1"]
[EndTime "8:17:53 PST"]
[Termination "Sina_Movahed won by checkmate"]

1. e4 e5 2. Nf3 Nc6 3. Bb5 a6 4. Ba4 Nf6 5. O-O Be7 6. d3 b5 7. Bb3 O-O 8. a4 Rb8 9. axb5 axb5 10. Nc3 d6 11. Nd5 Nxd5 12. Bxd5 Bd7 13. c3 Kh8 14. h3 f5 15. exf5 Rxf5 16. d4 exd4 17. Bxc6 Bxc6 18. Nxd4 Rd5 19. Qb3 Qd7 20. Re1 Bf6 21. Be3 Bxd4 22.
Bxd4 Rg5 23. Qe6 Rxg2+ 24. Kf1 Qd8 25. Qe7 Rh2 26. Qxg7# 1-0

[Event "Early-Titled-Tuesday-Blitz-February-13-2024"]
[Site "Chess.com"]
[Date "2024.02.13"]
[Round "2"]
[White "DAVIDHDZSTS"]
[Black "fabianvivasz"]
[Result "1-0"]
[WhiteElo "1894"]
[BlackElo "2395"]
[TimeControl "180+1"]
[EndTime "8:17:53 PST"]
[Termination "DAVIDHDZSTS won by resignation"]

1. d4 d5 2. Nc3 Nf6 3. Bf4 e6 4. Nb5 Na6 5. e3 c6 6. Nc3 Bb4 7. Bxa6 bxa6 8. Nf3 Ne4 9. O-O Nxc3 10. bxc3 Bxc3 11. Rb1 O-O 12. Ne5 Qe8 13. Rb3 Ba5 14.
Qg4 f6 15. Bh6 g6 16. Bxf8 Kxf8 17. Qf4 Kg7 18. Ng4 Qe7 19. Qh6+ Kg8 20. Qf4 Kg7 21. e4 Bc7 22. e5 fxe5 23. Qh6+ Kg8 24. dxe5 Qg7 25. Nf6+ Kh8 26. Qxg7+ Kxg7 27. Ne8+ 1-0

[Event "Early-Titled-Tuesday-Blitz-February-13-2024"]
[Site "Chess.com"]
[Date "2024.02.13"]
[Round "2"]
[White "AlexeiShirov"]
[Black "Practical-Play"]
[Result "1-0"]
[WhiteElo "2832"]
[BlackElo "2581"]
[TimeControl "180+1"]
[EndTime "8:17:56 PST"]
[Termination "AlexeiShirov won by resignation"]

1. e4 d5 2. exd5 Nf6 3. d4 Bg4 4. Bb5+ Nbd7 5. f3 Bf5 6. g4 Bg6 7. c4 a6 8. Ba4 b5 9. cxb5 Nxd5 10. Nc3 Nb4 11. bxa6 Rxa6 12. Nge2 Nd3+ 13. Kf1 h5 14. Bb5 Rf6 15. f4 Nxc1 16. Rxc1 hxg4 17. Nd5 Qb8 18. Qa4 Rd6 19. Rxc7 Bf5 20. Qa7 1-0

[Event "Early-Titled-Tuesday-Blitz-February-13-2024"]
[Site "Chess.com"]
[Date "2024.02.13"]
[Round "2"]
[White "TheCavemanChess"]
[Black "stasOR4ik"]
[Result "0-1"]
[WhiteElo "2678"]
[BlackElo "2419"]
[TimeControl "180+1"]
[EndTime "8:17:57 PST"]
[Termination "stasOR4ik won by resignation"]

1. Nf3 d5 2. g3 Bg4 3. Bg2 Nc6 4. d4 Qd7 5. h3 Bh5 6. O-O Nf6 7. Ne5 Nxe5 8.
dxe5 Ne4 9. c4 e6 10. cxd5 exd5 11. Nc3 Nxc3 12. bxc3 c6 13. f4 Bc5+ 14. Kh2 Bg6 15. g4 Be4 16. Bxe4 dxe4 17. Qc2 h5 18. Kg3 hxg4 19.
hxg4 Qe7 20. g5 Qe6 21. f5 Qxe5+ 22. Kg4 O-O-O 23. Bf4 Qe7 24. Rh1 g6 25. f6 Qe6+ 26. Kg3 Qf5 27. e3 Bxe3 0-1

[Event "Early-Titled-Tuesday-Blitz-February-13-2024"]
[Site "Chess.com"]
[Date "2024.02.13"]
[Round "2"]
[White "MrChessSponge"]
[Black "Louis-Paulsen-Fan"]
[Result "1-0"]
[WhiteElo "2521"]
[BlackElo "2275"]
[TimeControl "180+1"]
[EndTime "8:17:58 PST"]
[Termination "MrChessSponge won by resignation"]

1. e4 Nf6 2. e5 Nd5 3. d4 d6 4.
Nf3 g6 5. c4 Nb6 6. exd6 cxd6 7. Be3 Bg7 8. h3 O-O 9. Nc3 Bf5 10. Rc1 d5 11. c5 Nc4 12. Bxc4 dxc4 13. O-O Bd3 14. Re1 Nc6 15. d5 Nb4 16. b3 Nxd5 17.
Nxd5 Qxd5 18. bxc4 Bxc4 19. Qc2 Bxa2 20. Rcd1 Qb3 21. Qe4 Qe6 22. Qxb7 a5 23. Bd4 Qb3 24. Qxe7 Rad8 25. Bxg7 Qxd1 26. Bxf8 1-0

[Event "Early-Titled-Tuesday-Blitz-February-13-2024"]
[Site "Chess.com"]
[Date "2024.02.13"]
[Round "2"]
[White "Attacker_2006"]
[Black "ChessGiantYouTube"]
[Result "1-0"]
[WhiteElo "2506"]
[BlackElo "2239"]
[TimeControl "180+1"]
[EndTime "8:17:58 PST"]
[Termination "Attacker_2006 won on time"]

1. h4 b6 2. h5 Bb7 3. Nc3 Nf6 4. f3 e5 5. e4 d5 6. exd5 Nxd5 7. Bc4 Bc5 8. h6 gxh6 9. Qe2 O-O 10. d3 Nf4 11.
Qf1 Qg5 12. g4 Nd7 13. Rh5 1-0

[Event "Early-Titled-Tuesday-Blitz-February-13-2024"]
[Site "Chess.com"]
[Date "2024.02.13"]
[Round "2"]
[White "artooon"]
[Black "Ditman2007"]
[Result "1-0"]
[WhiteElo "3035"]
[BlackElo "2673"]
[TimeControl "180+1"]
[EndTime "8:17:59 PST"]
[Termination "artooon won by resignation"]

1. e4 e6 2. d4 d5 3. Nd2 Be7 4.
Ngf3 Nf6 5. e5 Nfd7 6. c3 c5 7.
Bd3 Nc6 8. O-O g5 9. dxc5 g4 10. Nd4 Ndxe5 11. Bc2 Bxc5 12. N2b3 Bd6 13. f4 gxf3 14.
Nxf3 Qe7 15. Kh1 Bd7 16. Bg5 f6 17. Nxe5 Bxe5 18. Be3 O-O-O 19. Nc5 Rhg8 20. Qd2 d4 21. cxd4 Nxd4 22. Be4 Bc6 23. Bxc6 Nxc6 24. Qe2 Rd5 25. Rac1 Kb8 26. b4 Rgd8 27. Qc4 Nd4 28. a4 Nf5 29. Bf2 Qd6 30. Bg1 Rc8 31. Na6+ 1-0

[Event "Early-Titled-Tuesday-Blitz-February-13-2024"]
[Site "Chess.com"]
[Date "2024.02.13"]
[Round "2"]
[White "Som2310"]
[Black "Kotlyar_K"]
[Result "1-0"]
[WhiteElo "2811"]
[BlackElo "2571"]
[TimeControl "180+1"]
[EndTime "8:18:00 PST"]
[Termination "Som2310 won by resignation"]

1. e4 e5 2. Nf3 Nc6 3. d4 exd4 4. Nxd4 Nf6 5. Nxc6 bxc6 6. e5 Qe7 7. Qe2 Nd5 8. Nd2 g6 9. Nf3 Bg7 10. c4 Ba6 11.
Bg5 Qb4+ 12. Qd2 Qxd2+ 13. Kxd2 Nb6 14. b3 O-O 15. Bd3 Rfe8 16. Rae1 h6 17. Bf4 g5 18. Bg3 Bf8 19. Kc2 d5 20. exd6 cxd6 21. h4 g4 22. Nd4 d5 23. cxd5 Bxd3+ 24. Kxd3 cxd5 25. Rxe8 Rxe8 26. Rc1 Bg7 27. Nf5 Nd7 28. Rc7 Nc5+ 29. Rxc5 Re1 30. Nxg7 Kxg7 31. Rxd5 Ra1 32. Ra5 Rd1+ 33.
Ke2 Rd7 34. Bf4 Kg6 35. h5+ Kg7 36. Ra6 f6 37. Be3 f5 38. Rxa7 1-0

[Event "Early-Titled-Tuesday-Blitz-February-13-2024"]
[Site "Chess.com"]
[Date "2024.02.13"]
[Round "2"]
[White "Dyadya81"]
[Black "Ryanmito"]
[Result "1-0"]
[WhiteElo "2811"]
[BlackElo "2422"]
[TimeControl "180+1"]
[EndTime "8:18:05 PST"]
[Termination "Dyadya81 won on time"]

1. e4 c5 2. b4 cxb4 3. Bb2 Nc6 4. d4 d5 5. exd5 Qxd5 6. c4 bxc3 7. Nxc3 Qa5 8. d5 Ne5 9. Nf3 Bg4 10. Bb5+ Nd7 11. h3 a6 12. Bxd7+ Bxd7 13. Ne5 Nf6 14. Nxd7 Nxd7 15. O-O O-O-O 16. Qf3 Nf6 17. Rfd1 h5 18. Rac1 Kb8 19. Ne4 Qb4 20. Be5+ Ka8 21. Ng5 Rg8 22. d6 Qb5 23. Nxf7 Re8 24. Bxf6 1-0

[Event "Early-Titled-Tuesday-Blitz-February-13-2024"]
[Site "Chess.com"]
[Date "2024.02.13"]
[Round "2"]
[White "mbojan"]
[Black "profedechess93"]
[Result "0-1"]
[WhiteElo "2866"]
[BlackElo "2619"]
[TimeControl "180+1"]
[EndTime "8:18:06 PST"]
[Termination "profedechess93 won by checkmate"]

1. d4 d5 2. c4 c6 3. Nf3 Nf6 4. e3 e6 5. Nc3 Nbd7 6. Qc2 Bd6 7. b3 Qe7 8. Bd3 O-O 9. O-O dxc4 10. bxc4 e5 11. Bb2 Re8 12. dxe5 Nxe5 13. Nxe5 Qxe5 14. g3 Qh5 15. Ne4 Ng4 16. h4 Bc7 17. Rfd1 Ne5 18.
Be2 Nf3+ 19. Kg2 Nxh4+ 20. gxh4 Qg6+ 21. Kf1 Bh3+ 22. Ke1 Ba5+ 23. Bc3 Bxc3+ 24. Qxc3 Qxe4 25. Rd4 Qg2 26. Rf4 Rad8 27. Bf3 Qf1# 0-1

[Event "Early-Titled-Tuesday-Blitz-February-13-2024"]
[Site "Chess.com"]
[Date "2024.02.13"]
[Round "2"]
[White "kpio91"]
[Black "vishwa_vijeta"]
[Result "1-0"]
[WhiteElo "2905"]
[BlackElo "2612"]
[TimeControl "180+1"]
[EndTime "8:18:08 PST"]
[Termination "kpio91 won by resignation"]

1. e4 c5 2. Nc3 g6 3. f4 Bg7 4. g3 Nc6 5. Bg2 d6 6. d3 e6 7.
Nh3 Nge7 8. O-O O-O 9. Be3 Rb8 10.
Qd2 Nd4 11. Kh1 b5 12. a3 a5 13. Nd1 e5 14. Ndf2 exf4 15. Nxf4 Nec6 16. Nd5 Be6 17. Rae1 b4 18. c3 Nb5 19. a4 bxc3 20. bxc3 Nc7 21. Bg5 f6 22. Bh6 f5 23. Bxg7 Kxg7 24. Nf4 Bd7 25. exf5 Rxf5 26. Ne4 Qf8 27. Bh3 Ne5 28. Bxf5 Bxf5 29. d4 Nc4 30. Qe2 d5 31. Nxc5 Re8 32.
Qxe8 Nxe8 33. Nfe6+ Kg8 34. Nxf8 Kxf8 1-0

[Event "Early-Titled-Tuesday-Blitz-February-13-2024"]
[Site "Chess.com"]
[Date "2024.02.13"]
[Round "2"]
[White "Keeper0416"]
[Black "krzyzan94"]
[Result "1-0"]
[WhiteElo "2581"]
[BlackElo "2783"]
[TimeControl "180+1"]
[EndTime "8:18:08 PST"]
[Termination "Keeper0416 won by resignation"]

1. e4 c6 2. d3 d5 3. Nd2 e5 4.
Ngf3 Bd6 5. Be2 Nf6 6. c3 O-O 7.
O-O Re8 8. Re1 h6 9. a4 a5 10. Qc2 Nbd7 11. Bf1 Nf8 12. g3 dxe4 13. Nxe4 Be6 14.
Nxd6 Qxd6 15. Nxe5 Bf5 16. Bf4 Nd5 17. Nxf7 Qf6 18. Rxe8 Rxe8 19. Nd6 Nxf4 20. Nxe8 Qg6 21. Re1 Nh3+ 22. Bxh3 Bxh3 23. Qb3+ Kh7 24. Qxb7 Nd7 25. Qb3 Ne5 26. Rxe5 Qxd3 27. Nf6+ Kg6 28. Re1 Qf3 29.
Qc2+ Kxf6 30. Qe4 Qh5 31. Qh4+ Qxh4 32. gxh4 Bf5 33. b4 1-0

[Event "Early-Titled-Tuesday-Blitz-February-13-2024"]
[Site "Chess.com"]
[Date "2024.02.13"]
[Round "2"]
[White "dmitrijiIM"]
[Black "sergeikim"]
[Result "0-1"]
[WhiteElo "2888"]
[BlackElo "2624"]
[TimeControl "180+1"]
[EndTime "8:18:10 PST"]
[Termination "sergeikim won by resignation"]

1. e4 e5 2. Nf3 Nc6 3. Bc4 Bc5 4. d3 Nf6 5. c3 d6 6. O-O a6 7.
h3 Ba7 8. Bb3 O-O 9. Be3 Nh5 10.
Nbd2 Qf6 11. Re1 Nf4 12. Nf1 Be6 13. d4 Ne7 14. Ng3 Neg6 15. Bc2 h6 16. Nf5 Rad8 17. Kh2 Bb6 18. g3 Nh5 19. Kg2 Rfe8 20. Ng1 Nhf4+ 21.
gxf4 exf4 22. Bd2 d5 23. e5 Qg5+ 24. Ng3 Qh4 25. Qh5 0-1

[Event "Early-Titled-Tuesday-Blitz-February-13-2024"]
[Site "Chess.com"]
[Date "2024.02.13"]
[Round "2"]
[White "biostatistician"]
[Black "ActorXu"]
[Result "1-0"]
[WhiteElo "2595"]
[BlackElo "2810"]
[TimeControl "180+1"]
[EndTime "8:18:12 PST"]
[Termination "biostatistician won by resignation"]

1. d4 Nf6 2. Nf3 d5 3. c4 e6 4. Nc3 Bb4 5. e3 O-O 6. a3 Bxc3+ 7. bxc3 dxc4 8. Bxc4 c5 9. O-O Qc7 10. Qe2 Nc6 11. a4 b6 12. Ba3 Rd8 13. Rac1 Bb7 14. e4 cxd4 15. cxd4 Nxd4 16. Nxd4 Rxd4 17. Bd5 Qd7 18. Bb2 Rxa4 19. Bxf6 gxf6 20. Qg4+ Kf8 21. Bxb7 Qxb7 22. Qf4 Qxe4 23. Qxf6 Kg8 24. Rc3 Qg6 25. Rg3 Rg4 26. Qf3 Rxg3 27. Qxa8+ Kg7 28. hxg3 1-0

[Event "Early-Titled-Tuesday-Blitz-February-13-2024"]
[Site "Chess.com"]
[Date "2024.02.13"]
[Round "2"]
[White "RaugintaBulba"]
[Black "Leonid_Starozhilov"]
[Result "0-1"]
[WhiteElo "2422"]
[BlackElo "2740"]
[TimeControl "180+1"]
[EndTime "8:18:16 PST"]
[Termination "Leonid_Starozhilov won on time"]

1. b3 d5 2. Bb2 Bg4 3. h3 Bh5 4. g4 Bg6 5. e3 Nd7 6. d3 e5 7. Nd2 c6 8. Be2 Bd6 9. Ngf3 Ne7 10. h4 h5 11. Ng5 hxg4 12. Bxg4 Nf6 13. Be2 Bh5 14. Bxh5 Rxh5 15. Ndf3 Qc7 16. d4 Ng6 17. Rg1 e4 18. Nxf7 Kxf7 19. Ng5+ Kg8 20. c4 Bb4+ 21. Kf1 Qh2 0-1

[Event "Early-Titled-Tuesday-Blitz-February-13-2024"]
[Site "Chess.com"]
[Date "2024.02.13"]
[Round "2"]
[White "JoliyRoger"]
[Black "Charodej1"]
[Result "1-0"]
[WhiteElo "2509"]
[BlackElo "2247"]
[TimeControl "180+1"]
[EndTime "8:18:16 PST"]
[Termination "JoliyRoger won by resignation"]

1. d4 Nf6 2. c4 e6 3. Nc3 d5 4. Bg5 Be7 5. e3 O-O 6. Nf3 h6 7. Bh4 b6 8. Bxf6 Bxf6 9. cxd5 exd5 10. Qb3 Be6 11. Rd1 c6 12. Bd3 Nd7 13. O-O Re8 14.
Bb1 Nf8 15. Rfe1 Bg4 16. Qc2 Rc8 17. a3 Qd7 18. b4 Bxf3 19. gxf3 Qh3 20. Qf5 Qxf5 21.
Bxf5 Rcd8 22. Rc1 Ne6 23. Red1 g6 24. Bxe6 fxe6 25. Ne2 Rc8 26. Rc2 Rc7 27. Rdc1 Rec8 28. Nf4 Kf8 29. Nxe6+ 1-0

[Event "Early-Titled-Tuesday-Blitz-February-13-2024"]
[Site "Chess.com"]
[Date "2024.02.13"]
[Round "2"]
[White "kingofthenil"]
[Black "SpeedofLight0"]
[Result "0-1"]
[WhiteElo "2680"]
[BlackElo "3061"]
[TimeControl "180+1"]
[EndTime "8:18:17 PST"]
[Termination "SpeedofLight0 won on time"]

1. e4 Nc6 2. d4 d5 3. Nc3 e6 4.
Nf3 Bb4 5. exd5 exd5 6. Bd3 Nge7 7. O-O O-O 8. Ne2 Bf5 9. Ng3 Bxd3 10. Qxd3 Qd7 11. h4 Qg4 12. Bg5 f6 13. Bd2 Bd6 14. Rae1 Rae8 15. Ne2 Nf5 16. Qb5 Nce7 17. Qd7 Kh8 18. Nc3 Rd8 19. Qe6 c6 0-1

[Event "Early-Titled-Tuesday-Blitz-February-13-2024"]
[Site "Chess.com"]
[Date "2024.02.13"]
[Round "2"]
[White "Ron_Weasley_Chess"]
[Black "Brave_spirit12"]
[Result "1-0"]
[WhiteElo "2439"]
[BlackElo "2745"]
[TimeControl "180+1"]
[EndTime "8:18:17 PST"]
[Termination "Ron_Weasley_Chess won by resignation"]

1. Nf3 d5 2. g3 c6 3. Bg2 h5 4.
h3 g6 5. d3 Bg7 6. O-O Nf6 7.
Nbd2 O-O 8. e4 Qc7 9. e5 Nfd7 10. d4 e6 11. Re1 c5 12. c3 Nc6 13. Nf1 Qb6 14.
dxc5 Nxc5 15. Be3 a5 16. Nd4 Qa6 17. Nxc6 Qxc6 18. f4 Bd7 19. c4 Ne4 20. Rc1 Qa6 21. cxd5 exd5 22. Qxd5 Bc6 23. Rxc6 bxc6 24. Qxe4 Rab8 25.
b3 a4 26. Qxa4 Qd3 27. Qc4 Qd7 28. Qxc6 Qf5 29. Qe4 Qe6 30. Rd1 Rfd8 31. Rd5 Qa6 32. Qc2 Rdc8 33. Rc5 Rd8 34. Bd5 Bf8 35. Rc6 Qa5 36.
Qxg6+ Bg7 37. Qxf7+ Kh8 38. Qxh5+ 1-0

[Event "Early-Titled-Tuesday-Blitz-February-13-2024"]
[Site "Chess.com"]
[Date "2024.02.13"]
[Round "2"]
[White "blank0923"]
[Black "GMKrikor"]
[Result "0-1"]
[WhiteElo "2604"]
[BlackElo "2883"]
[TimeControl "180+1"]
[EndTime "8:18:18 PST"]
[Termination "GMKrikor won on time"]

1. d4 Nf6 2. Nf3 g6 3. Nc3 d5 4.
Bf4 Bg7 5. e3 Bg4 6. Nb5 Na6 7.
c4 c6 8. Nc3 Qa5 9. Qb3 O-O 10.
Ne5 Be6 11. h3 c5 12. Qb5 Qxb5 13. cxb5 Nb4 14. O-O-O cxd4 15. exd4 Rac8 16. Kd2 Ne4+ 17.
Nxe4 dxe4 18. a3 Rc2+ 19. Ke1 Nd5 20. Bc1 Rfc8 21. Be2 Rxc1 0-1

[Event "Early-Titled-Tuesday-Blitz-February-13-2024"]
[Site "Chess.com"]
[Date "2024.02.13"]
[Round "2"]
[White "KanalSzachowy"]
[Black "TangerineandLemon25"]
[Result "1-0"]
[WhiteElo "2391"]
[BlackElo "2607"]
[TimeControl "180+1"]
[EndTime "8:18:18 PST"]
[Termination "KanalSzachowy won on time"]

1. e4 c5 2. Nc3 d6 3. d4 cxd4 4.
Qxd4 Nc6 5. Qd2 Bd7 6. b3 Rc8 7.
Bb2 Nf6 8. O-O-O e6 9. f4 Qa5 10. Kb1 Be7 11. Nf3 Nb4 12. a3 Na6 13. e5 dxe5 14.
Nxe5 Bc6 15. Bc4 O-O 16. Nxc6 bxc6 17. Nd5 Qd8 18. Nxf6+ Bxf6 19. Qxd8 Rfxd8 20. Rxd8+ Rxd8 21. Bxa6 Rd2 22. Bxf6 gxf6 23. Rg1 e5 24. fxe5 fxe5 25. Bd3 Rf2 26. g4 Kg7 27. h4 Rh2 28. h5 h6 29. Kb2 Kf6 30. Kc3 Kg5 31. Kc4 Rf2 32. Kc5 1-0

[Event "Early-Titled-Tuesday-Blitz-February-13-2024"]
[Site "Chess.com"]
[Date "2024.02.13"]
[Round "2"]
[White "faraone99"]
[Black "jacky72"]
[Result "0-1"]
[WhiteElo "2534"]
[BlackElo "2773"]
[TimeControl "180+1"]
[EndTime "8:18:19 PST"]
[Termination "jacky72 won by resignation"]

1. e4 e5 2. Nf3 Nc6 3. Bb5 a6 4. Ba4 Nf6 5. O-O Be7 6. Re1 b5 7. Bb3 d6 8. c3 O-O 9. h3 Na5 10. Bc2 c5 11. d4 Qc7 12. d5 Ne8 13. a4 b4 14. Nbd2 g6 15. cxb4 cxb4 16. Bd3 f5 17. Qe2 f4 18. Nc4 Nb3 19. Rb1 g5 20. Nh2 Nd4 21. Qd1 Ng7 22. Bd2 a5 23. Rc1 Qd8 24. Nf3 Nxf3+ 25. Qxf3 h5 26. Be2 g4 27. hxg4 hxg4 28. Qb3 Bg5 29. g3 Nh5 30. Bf1 Ra7 31. Bg2 Raf7 32. Nxa5 Qxa5 33. Bxb4 Qd8 34. Rc6 fxg3 35. fxg3 Be7 36. Qd1 Bd7 37. Rc2 Qb6+ 0-1

[Event "Early-Titled-Tuesday-Blitz-February-13-2024"]
[Site "Chess.com"]
[Date "2024.02.13"]
[Round "2"]
[White "TanitoluwaAps116"]
[Black "2346PL"]
[Result "1-0"]
[WhiteElo "2792"]
[BlackElo "2559"]
[TimeControl "180+1"]
[EndTime "8:18:20 PST"]
[Termination "TanitoluwaAps116 won by resignation"]

1. e4 c5 2. Nf3 Nf6 3. Nc3 Nc6 4. Bb5 Nd4 5. Bc4 d6 6. e5 Nxf3+ 7. Qxf3 dxe5 8. d3 a6 9. Be3 b5 10. Qxa8 bxc4 11. dxc4 e6 12. Rd1 Qc7 13. Na4 Be7 14. Nb6 O-O 15. Nxc8 Rxc8 16. Qf3 e4 17. Qe2 Qa5+ 18.
Bd2 Qxa2 19. Bc3 Qa4 20. b3 Qc6 21. O-O h5 22. h3 h4 23. Rfe1 Qc7 24. Ra1 Ra8 25. Bxf6 Bxf6 26. Qxe4 Rd8 27. Rxa6 g6 28. Qf3 Kg7 29. Rd1 Rxd1+ 30. Qxd1 Qf4 31. Ra7 Be5 32.
Kf1 Qh2 33. Qf3 Qh1+ 34. Ke2 Bf6 35. Qb7 Bc3 36. Qxf7+ Kh6 37. Qf4+ g5 38. Qf8+ 1-0

[Event "Early-Titled-Tuesday-Blitz-February-13-2024"]
[Site "Chess.com"]
[Date "2024.02.13"]
[Round "2"]
[White "Lion_DL"]
[Black "Klavdia_Nik"]
[Result "1-0"]
[WhiteElo "2466"]
[BlackElo "2128"]
[TimeControl "180+1"]
[EndTime "8:18:25 PST"]
[Termination "Lion_DL won by resignation"]

1. d4 Nf6 2. c4 c5 3. d5 b5 4. cxb5 a6 5. e3 axb5 6. Bxb5 Qa5+ 7. Nc3 Ba6 8. Bxa6 Nxa6 9. Ne2 g6 10. O-O d6 11. e4 Bg7 12. f4 Nd7 13. Be3 O-O 14. a3 Rfb8 15. Qc2 Qb6 16. Rab1 Qa7 17. b4 Qc7 18. b5 Qa5 19. bxa6 Bxc3 20. Qxc3 Qxa6 21.
Rxb8+ Rxb8 22. Ng3 Qa4 23. Bc1 Rb3 24. Qd2 c4 25. Ne2 Nc5 26. e5 Nd3 27. exd6 exd6 28. Nd4 Rb1 29. f5 Qa7 30. Qe3 Rxc1 31. Qe8+ Kg7 32.
f6+ Kh6 33. Qe3+ 1-0

[Event "Early-Titled-Tuesday-Blitz-February-13-2024"]
[Site "Chess.com"]
[Date "2024.02.13"]
[Round "2"]
[White "temus_galaktionov"]
[Black "AttackSparrow"]
[Result "1-0"]
[WhiteElo "2914"]
[BlackElo "2623"]
[TimeControl "180+1"]
[EndTime "8:18:28 PST"]
[Termination "temus_galaktionov won by resignation"]

1. d4 d5 2. Nf3 Nf6 3. c4 e6 4. Nc3 Bb4 5. cxd5 exd5 6. Bg5 h6 7. Bxf6 Qxf6 8. e3 c6 9. Bd3 O-O 10. O-O Re8 11. a3 Bd6 12. e4 dxe4 13. Nxe4 Qd8 14.
Re1 Bf8 15. h3 Be6 16. Nc5 Bxc5 17. dxc5 Nd7 18. b4 Bd5 19. Rxe8+ Qxe8 20. Bf5 Rd8 21. Qd3 Ne5 22. Nxe5 Qxe5 23. Rd1 Re8 24. Bg4 Qf4 25. Qc3 g6 26. Re1 Rxe1+ 27. Qxe1 h5 28. Bc8 b6 29. Qe3 Qc7 30. Ba6 b5 31. Qe8+ Kh7 32.
f3 Qf4 33. Kf2 Qe4 34. fxe4 1-0

[Event "Early-Titled-Tuesday-Blitz-February-13-2024"]
[Site "Chess.com"]
[Date "2024.02.13"]
[Round "2"]
[White "Crazy_girl99"]
[Black "BlueWizzard"]
[Result "0-1"]
[WhiteElo "2599"]
[BlackElo "2872"]
[TimeControl "180+1"]
[EndTime "8:18:28 PST"]
[Termination "BlueWizzard won by resignation"]

1. e4 g6 2. d4 d5 3. e5 c5 4. c3 Nc6 5. h3 cxd4 6. cxd4 Nh6 7. Nf3 Bg7 8. Nc3 O-O 9. Qb3 Nf5 10. Be3 Be6 11.
Bd3 Nxe3 12. fxe3 Nxe5 13. Nxe5 Bxe5 14. dxe5 d4 15. Bc4 dxc3 16. Bxe6 Qd2+ 17. Kf1 c2 18.
Qc3 fxe6+ 19. Kg1 Qxc3 20. bxc3 Rac8 21. Kh2 Rxc3 22. Rhe1 Rf5 23. Rac1 Rxe5 24. e4 b5 25. Re2 Rec5 26. Kg1 b4 27. Kf2 a5 28. Re3 Rxe3 29. Kxe3 a4 30. Kd4 Rc8 0-1

[Event "Early-Titled-Tuesday-Blitz-February-13-2024"]
[Site "Chess.com"]
[Date "2024.02.13"]
[Round "2"]
[White "bilosuvenosu06"]
[Black "Viktor_Poddubnyi"]
[Result "1-0"]
[WhiteElo "2530"]
[BlackElo "2288"]
[TimeControl "180+1"]
[EndTime "8:18:29 PST"]
[Termination "bilosuvenosu06 won on time"]

1. d4 g6 2. c4 Bg7 3. Nc3 c5 4.
d5 f5 5. Bd2 Nf6 6. e3 e6 7.
Bd3 exd5 8. cxd5 d6 9. Nge2 O-O 10. O-O Nbd7 11. Ng3 Ne5 12. Be2 a6 13. a4 Qe7 14.
Rc1 Bd7 15. Qb3 Rab8 16. a5 h5 17. Rfe1 h4 18. Nf1 Qf7 19. f4 c4 20. Bxc4 Nxc4 21.
Qxc4 h3 22. gxh3 Rbe8 23. Ng3 Bh6 24. Qb4 Qe7 25. Nce2 Ne4 26. Nd4 g5 27. Kg2 g4 28. hxg4 fxg4 29. Ne6 Bxe6 30. dxe6 Qh4 31. Qxe4 1-0